 Dungeon Crawl Stone Soup version 0.21-a0-513-gdcb3f5e (webtiles) character file.

245 Laiders the Ruffian (level 5, -1/40 HPs)
             Began as a Draconian Transmuter on Dec 1, 2017.
             Slain by Zeege's ghost (8 damage)
             ... on level 4 of the Dungeon.
             The game lasted 00:07:30 (3322 turns).

Laiders the Ruffian (Draconian Transmuter)          Turns: 3322, Time: 00:07:31

Health: -1/40      AC:  5    Str: 17    XL:     5   Next: 84%
Magic:  1/10       EV: 15    Int: 15    God:
Gold:   170        SH:  0    Dex: 11    Spells: 5/11 levels left

rFire    + . .     SeeInvis .     - Unarmed
rCold    + . .     Gourm    .   (no shield)
rNeg     . . .     Faith    .   (armour unavailable)
rPois    +         Spirit   .   (helmet restricted)
rElec    +         Reflect  .   (no cloak)
rCorr    +         Harm     .   (no gloves)
MR       .....                  (no boots)
Stlth    +.........             (no amulet)
HPRegen  0.13/turn              d - +3 ring of evasion
MPRegen  0.12/turn              (no ring)

@: mighty, resistant, very slightly contaminated
A: unfitting armour, cold-blooded, AC +5
a: no special abilities


You were on level 4 of the Dungeon.
You were not hungry.

You visited 1 branch of the dungeon, and saw 4 of its levels.

You collected 170 gold pieces.

Inventory:

Missiles
 a - 46 arrows
Jewellery
 d - a +3 ring of evasion (left hand)
Scrolls
 e - a scroll of identify {unknown}
 h - a scroll of remove curse {unknown}
 l - a scroll of teleportation {unknown}
 n - 2 scrolls of fear {unknown}
 p - a scroll of blinking {unknown}
 q - a scroll of magic mapping {unknown}
 v - 2 scrolls of enchant weapon {unknown}
Potions
 f - 2 potions of resistance
 g - 2 potions of might
 i - a potion of degeneration {unknown}
 k - a potion of mutation {unknown}
 m - a potion of cancellation {unknown}
 r - a potion of curing {unknown}
 t - a potion of invisibility {unknown}
Books
 b - a book of Changes

   Spells                             Type                      Level
   a - Beastly Appendage              Transmutation                1
   b - Sticks to Snakes               Transmutation                2
   c - Spider Form                    Transmutation/Poison         3
   d - Ice Form                       Ice/Transmutation            4
   e - Blade Hands                    Transmutation                5
Comestibles
 c - 2 bread rations
 j - 3 fruits
 o - a meat ration
 s - a royal jelly
 u - 6 chunks of flesh


   Skills:
 - Level 1.1 Fighting
 - Level 1.7 Dodging
 + Level 4.5 Unarmed Combat
 + Level 3.6 Spellcasting
 + Level 3.9 Transmutations


You had 5 spell levels left.
You knew the following spells:

 Your Spells              Type           Power        Failure   Level  Hunger
a - Beastly Appendage     Tmut           ##....       3%          1    None
b - Sticks to Snakes      Tmut           ##......     5%          2    ##.....
c - Spider Form           Tmut/Pois      #.........   26%         3    ###....


Dungeon Overview and Level Annotations

Branches:
Dungeon (4/15)
 Temple: D:4-7

Altars:
Ru
Uskayaw

Annotations:
D:4 Zeege's ghost, amateur MfSk


Innate Abilities, Weirdness & Mutations

Your plain brown scales are hard. (AC +5)
You cannot fit into any form of body armour.
You are cold-blooded and may be slowed by cold attacks.


Message History

Zeege's ghost hits you!
* * * LOW HITPOINT WARNING * * *
Casting: Sticks to Snakes
Confirm with . or Enter, or press ? or * to list all spells.
You miscast Sticks to Snakes.
Nothing appears to happen.
Your ball python misses Zeege's ghost.
Zeege's ghost misses you.
Your ball python closely misses Zeege's ghost.
Your ball python closely misses Zeege's ghost.
Zeege's ghost whispers, "You will understand me better in a moment."
Your transformation has ended.
Your ball python barely misses Zeege's ghost.
It was a potion of resistance.
You feel protected. Zeege's ghost hits you.
* * * LOW HITPOINT WARNING * * *
It was a potion of might.
You feel very mighty all of a sudden.
Your ball python barely misses Zeege's ghost.
Zeege's ghost hits you!
You die...

......# #.......#.###..#
#...####+#.......####...###### .
#............................# .
#....##..รท....................
.. #....##.......####+#..........
..##....###+###..........#.......
#...........# #....#.....#.......
#.#...#.###.# #....#.....#.......
......#.# #.# #.@........#.......
#..#..#.# #.# #.W.....#..#.......
......#.###.###.S..#..#..#.######
##...##.......#..........#.#
##.................#......+
###.#######.#.#...#<..#..#.#
............#.#.......#..#.#
....W######.#.##..##..#..#.#
..........#.#.##..##..##.#.#


You could see Zeege's ghost and a friendly ball python.

Vanquished Creatures
  2 orc wizards
  An iguana (D:4)
  A worker ant (D:4)
  3 gnolls (D:4)
  4 adders
  An ooze (D:1)
  3 worms
  A dart slug (D:4)
  6 orcs
  7 bats
  3 giant cockroaches
  5 hobgoblins
  3 jackals (D:4)
  7 kobolds
  3 quokkas
  4 frilled lizards
  5 goblins
  6 rats
65 creatures vanquished.

Notes
Turn   | Place    | Note
-------+----------+-------------------------------------------
     0 | D:1      | Laiders the Draconian Transmuter began the quest for the Orb.
     0 | D:1      | Reached XP level 1. HP: 16/16 MP: 3/3
   247 | D:1      | Reached XP level 2. HP: 23/23 MP: 5/5
   271 | D:1      | Learned a level 2 spell: Sticks to Snakes
  1021 | D:2      | Reached XP level 3. HP: 22/28 MP: 6/6
  1026 | D:2      | Learned a level 3 spell: Spider Form
  1819 | D:3      | Reached XP level 4. HP: 15/35 MP: 8/8
  2334 | D:3      | Reached skill level 4 in Unarmed Combat
  2418 | D:4      | Reached XP level 5. HP: 8/40 MP: 5/9
  2419 | D:4      | HP: 2/40 [gnoll (6)]
  2986 | D:4      | Found a hide-covered altar of Uskayaw.
  2987 | D:4      | Found a sacrificial altar of Ru.
  3143 | D:4      | Noticed Zeege's ghost (amateur MfSk)
  3322 | D:4      | Slain by Zeege's ghost

Vault maps used:
D:1:      dpeg_arrival_tiny_a
D:4:      cheibrodos_old_hovel, gammafunk_temple_overflow_statue

Skill      XL: |  1  2  3  4 |
---------------+-------------+-----
Transmutations | 3 |  3.9
Unarmed Combat | 4 |  4.5
Spellcasting   | 3 |  3.6
Fighting       | |  1.1
Dodging        | |  1.7

Action                   |  1- 3 |  4- 6 || total
-------------------------+-------+-------++-------
Melee: Unarmed           |   168 |   136 ||   304
       Tailslap          |    12 |     9 ||    21
       Kick              |     1 |     3 ||     4
       Headbutt          |       |     8 ||     8
 Cast: Beastly Appendage |     1 |     5 ||     6
       Spider Form       |       |     3 ||     3
       Sticks to Snakes  |       |     1 ||     1
  Use: Potion            |       |     2 ||     2
 Stab: Sleeping          |     1 |       ||     1
  Eat: Chunk             |     3 |     5 ||     8
Armor: Skin              |    27 |    36 ||    63
Dodge: Dodged            |   134 |   170 ||   304

Table legend:
 A = Spawn XP
 B = Non-spawn XP
 C = Spawn XP percentage of total XP
 D = Spawn monster count
 E = Non-spawn monster count
 F = Spawn count percentage of total count
 G = Total turns spent on level
                    A         B        C        D         E        F      G
               +---------+---------+-------+---------+---------+-------+---------
         Total |       0 |     351 |   0.0 |       0 |      65 |   0.0 |  3322
               +---------+---------+-------+---------+---------+-------+---------
           D:1 |       0 |      34 |   0.0 |       0 |      19 |   0.0 |   857
           D:2 |       0 |      56 |   0.0 |       0 |      17 |   0.0 |   876
           D:3 |       0 |      82 |   0.0 |       0 |      15 |   0.0 |   777
           D:4 |       0 |     179 |   0.0 |       0 |      14 |   0.0 |   812
               +---------+---------+-------+---------+---------+-------+---------
